 Dungeon Crawl Stone Soup version 0.28.0-53-g5a82cb258f (webtiles) character file.

Game seed: 7923357693757161498

52 Sin92 the Shield-Bearer (level 3, 0/33 HPs)
             Began as a Minotaur Fighter on June 5, 2022.
             Slain by Robin
             ... wielding a +0 spear
              (2 damage)
             ... on level 2 of the Dungeon.
             The game lasted 00:01:24 (1375 turns).

Sin92 the Shield-Bearer (Minotaur Fighter)          Turns: 1375, Time: 00:01:24

Health: 0/33       AC:  8    Str: 20    XL:     3   Next: 60%
Magic:  2/2        EV:  9    Int:  5    God:
Gold:   21         SH:  4    Dex: 11    Spells: 2/2 levels left

rFire   . . .      SeeInvis .   a - +0 war axe
rCold   . . .      Faith    .   c - +0 buckler
rNeg    . . .      Spirit   .   b - +0 scale mail
rPois   .          Reflect  .   (helmet restricted)
rElec   .          Harm     .   (no cloak)
rCorr   .          Rampage  .   i - +0 pair of gloves
Will    .....      Clarity  +   (no boots)
Stlth   ..........              (no amulet)
HPRegen 0.11/turn               (no ring)
MPRegen 0.08/turn               (no ring)

@: brilliant, flying, invisible
A: horns 2, retaliatory headbutt, clarity, evolution 1
a: no special abilities


You were on level 2 of the Dungeon.
You visited 1 branch of the dungeon, and saw 2 of its levels.

You collected 21 gold pieces.

Inventory:

Hand Weapons
 a - a +0 war axe (weapon)
Armour
 b - a +0 scale mail (worn)
 c - a +0 buckler (worn)
 i - a +0 pair of gloves (worn)
Potions
 d - a potion of might
 e - a potion of brilliance


   Skills:
 + Level 4.0 Fighting
 + Level 3.1 Axes
 + Level 4.1 Armour
 + Level 1.3 Dodging
 + Level 4.1 Shields


You had 2 spell levels left.
You didn't know any spells.
Your spell library contained the following spells:

 Spells                   Type           Power      Damage    Failure   Level
 Shock                    Conj/Air       0%         1d3       89%         1
 Swiftness                Air            0%         N/A       99%         3
 Airstrike                Air            0%         N/A       100%        4


Dungeon Overview and Level Annotations

Branches:
Dungeon (2/15)

Altars:

Annotations:
D:2 Robin


Innate Abilities, Weirdness & Mutations

You have a pair of horns on your head.
You reflexively headbutt those who attack you in melee.
You possess an exceptional clarity of mind.
You have hidden genetic potential.


Message History

You hit the goblin.
You kill the goblin!
Robin hits you from afar with a +0 spear.
* * * LOW HITPOINT WARNING * * *
The hobgoblin hits you.
* * * LOW HITPOINT WARNING * * *
Robin roars a battlecry!
The hobgoblin goes into a battle-frenzy!
You hit the hobgoblin.
The hobgoblin is moderately wounded.
The hobgoblin hits you.
* * * LOW HITPOINT WARNING * * *
Robin completely misses you.
Unknown command.
You slash the hobgoblin!
You kill the hobgoblin!
Robin hits you but does no damage. x2
Unknown command.
You hit the hobgoblin.
You kill the hobgoblin!
Robin closely misses you.
Unknown command.
Robin says, "A pitiful Minotaur like you will never find the ORB!"
Robin closely misses you.
Items here: ) ††††.
It was a potion of brilliance.
You feel clever all of a sudden. Robin misses you. You furiously retaliate!
You headbutt Robin.
It was a potion of flight.
You feel very buoyant.
You fly up into the air.
Robin hits you but does no damage.
It was a potion of mutation.
You feel extremely strange.
Your thoughts seem clearer.
You feel a hidden potential growing inside you.
Robin says, "My army is invincible!"
Robin hits you but does no damage.
It was a potion of invisibility.
You fade into invisibility!
Robin hits you with a +0 spear.
You die...

#.#.######.# #. #.#.#
#.... ###.### #.#.#
#.#.# .......
#.#.####.#.# .......
#.#......#.# .......
#.########.# .......
#..........#
.......#################
.......@.)...........#
......g#############.#
....... #.### .......
#.... ####### #####


You could see Robin.

Vanquished Creatures
  A dart slug (D:1)
  3 ball pythons (D:1)
  3 endoplasms
  4 giant cockroaches
  9 goblins
  7 hobgoblins
  6 jackals
  3 kobolds
  A quokka (D:1)
  A frilled lizard (D:1)
  A rat (D:1)
39 creatures vanquished.

Notes
Turn   | Place    | Note
-------+----------+-------------------------------------------
     0 | D:1      | Sin92 the Minotaur Fighter began the quest for the Orb.
     0 | D:1      | Reached XP level 1. HP: 19/19 MP: 0/0
   110 | D:1      | Reached XP level 2. HP: 23/27 MP: 1/1
   605 | D:1      | Reached skill level 1 in Dodging
   768 | D:1      | Reached XP level 3. HP: 32/33 MP: 2/2
  1351 | D:2      | Noticed Robin
  1368 | D:2      | HP: 1/33 [hobgoblin[Robin] (5)]
  1374 | D:2      | Gained mutation: You possess an exceptional clarity of
                  | mind. [potion of mutation]
  1374 | D:2      | Gained mutation: You have hidden genetic potential. [potion
                  | of mutation]
  1375 | D:2      | Slain by Robin

Illustrated notes

Levels and vault maps discovered:
D:1:      lightli_iron_boxes, layout_loops_ring, nicolae_figureground_pulse
D:2:      layout_basic, uniq_sigmund, uniq_robin

Skill      XL: |  1  2  3 |
---------------+----------+-----
Dodging        | 1 |  1.3
Shields        | 4 |  4.1
Armour         | 4 |  4.1
Fighting       | 4 |  4.0
Axes           | 3 |  3.1

Action                   || total
-------------------------++-------
Melee: War axe           ||    95
       Headbutt          ||    13
  Use: Potion            ||     4
Armor: Scale mail        ||    57
Dodge: Dodged            ||    50
Block: Buckler           ||    26
